 Dungeon Crawl Stone Soup version 0.29.1 (webtiles) character file.

Game seed: 8006942508620287660

66419 groovy9 the Marksminotaur (level 14, -3/137 HPs)
             Began as a Minotaur Hunter on Sept 14, 2022.
             Was a High Priest of Hepliaklqana.
             Slain by a ghost moth (8 damage)
             ... on level 2 of the Lair of Beasts.
             The game lasted 01:28:33 (20187 turns).

groovy9 the Marksminotaur (Minotaur Hunter)        Turns: 20187, Time: 01:28:34

Health: -3/137     AC: 15    Str: 14 (21) XL:     14   Next: 79%
Magic:  0/18       EV: 17    Int:  8 (10) God:    Hepliaklqana [*****.]
Gold:   771        SH:  5    Dex: 11 (17) Spells: 13/13 levels left

rFire   . . .      SeeInvis .   S - +3 arbalest
rCold   . . .      Faith    .   (shield currently unavailable)
rNeg    + . .      Spirit   .   R - +2 leather armour {rPois}
rPois   +          Reflect  +   (helmet restricted)
rElec   .          Harm     .   t - +0 cloak
rCorr   .          Rampage  .   N - +2 pair of gloves
Will    ++...                   Q - +0 pair of boots
Stlth   +.........              D - amulet of reflection
HPRegen 0.32/turn               n - +4 ring of protection
MPRegen 0.16/turn               E - ring "Pipiqa" {rN+ Will+ Str+5}

@: about to teleport, studying Transmutations
A: reduced essence, horns 2, retaliatory headbutt, claws 1, clever 1, robust 1,
MP-powered wands
a: Renounce Religion, Recall Ancestor, Ancestor Identity, Transference, Idealise


You were on level 2 of the Lair of Beasts.
You worshipped Hepliaklqana.
Hepliaklqana was extremely pleased with you.
You visited 5 branches of the dungeon, and saw 19 of its levels.
You also visited: Sewer and Ossuary.

You collected 1655 gold pieces.
You spent 884 gold pieces at shops.

Inventory:

Hand Weapons
 S - a +3 arbalest (weapon)
Missiles
 J - 2 throwing nets
Armour
 t - a +0 cloak (worn)
 x - +1 acid dragon scales
 z - a +0 troll leather armour
 K - a +0 crystal plate armour
 M - the +0 robe of Entitlement {Harm}
   (You bought it in a shop on level 2 of the Orcish Mines)

   Harm:      It increases damage dealt and taken.
 N - a +2 pair of gloves (worn)
 Q - a +0 pair of boots (worn)
 R - a +2 leather armour of poison resistance (worn)
Jewellery
 n - a +4 ring of protection (left hand)
 o - an amulet of regeneration
 s - a +6 ring of strength
 y - a ring of ice
 B - a ring of protection from cold
 D - an amulet of reflection (around neck)
 E - the ring "Pipiqa" (right hand) {rN+ Will+ Str+5}
   (You found it on level 2 of the Lair of Beasts)

   [ring of positive energy]

   Str:       It affects your strength (+5).
   rN:        It protects you from negative energy.
   Will:      It increases your willpower.
 F - a ring of resist corrosion
Wands
 p - a wand of light (3)
 r - a wand of flame (89)
 v - a wand of roots (20)
 C - a wand of mindburst (8)
 L - a wand of digging (12)
Scrolls
 a - a scroll of noise
 b - 6 scrolls of immolation
 c - a scroll of teleportation
 e - 5 scrolls of identify
 h - 2 scrolls of amnesia
 k - 4 scrolls of enchant armour
 q - a scroll of fog
 A - a scroll of poison
 P - a scroll of torment
Potions
 d - 3 potions of attraction
 f - 4 potions of heal wounds
 g - a potion of ambrosia
 i - 5 potions of degeneration
 j - 5 potions of brilliance
 l - 3 potions of berserk rage
 m - 13 potions of curing
 u - 3 potions of lignification
 w - a potion of resistance
 G - 3 potions of might
 H - 4 potions of haste
 I - 3 potions of flight


   Skills:
 + Level 16.3 Fighting
 - Level 18.0 Ranged Weapons
 * Level 4.4 Armour
 + Level 15.0 Dodging
 - Level 0.7 Stealth
 - Level 7.9 Invocations


You had 13 spell levels left.
You didn't know any spells.
Your spell library contained the following spells:

 Spells                   Type           Power      Damage    Failure   Level
 Apportation              Tloc           0%         N/A       47%         1
 Necrotise                Necr           0%         1d4       47%         1
 Summon Small Mammal      Summ           0%         N/A       47%         1
 Call Canine Familiar     Summ           0%         N/A       85%         3
 Gell's Gravitas          Tloc           0%         N/A       85%         3
 Lesser Beckoning         Tloc           0%         N/A       85%         3
 Portal Projectile        Hex/Tloc       0%         N/A       85%         3
 Teleport Other           Tloc           0%         N/A       85%         3
 Corpse Rot               Necr/Pois/Air  0%         N/A       99%         4
 Dispel Undead            Necr           0%         3d6       99%         4
 Leda's Liquefaction      Hex/Erth       0%         N/A       99%         4
 Death Channel            Necr           0%         N/A       100%        6


Dungeon Overview and Level Annotations

Branches:
Dungeon (10/15)            Temple (1/1) D:5            Lair (5/5) D:8
 Shoals (0/4) Lair:3       Spider (1/4) Lair:2        Slime (0/5) Lair:5
    Orc (2/2) D:9             Elf (0/3) Orc:2         Sewer (visited)
Ossuary (visited)

Altars:
Ashenzari
Cheibriados
Dithmenos
Elyvilon
Fedhas
Gozag
Hepliaklqana
Kikubaaqudgha
Makhleb
Nemelex Xobeh
Okawaru
Qazlal
Ru
Sif Muna
Trog
Uskayaw
Vehumet
Wu Jian
Xom
Yredelemnul
Zin
The Shining One
Jiyva

Shops:
Orc:1 (   Orc:2 ?[=[!


Innate Abilities, Weirdness & Mutations

Your life essence is reduced to manifest your ancestor. (-10% HP)
You have a pair of horns on your head.
You reflexively headbutt those who attack you in melee.
You have sharp fingernails.
Your mind is acute. (Int +4, Str/Dex -1)
You are robust. (+10% HP)
You expend magic power (3 MP) to strengthen your wands.


Message History

You feel your power leaking away. Something hits you. Something hits you!
Something barely misses you.
Khenut barely misses something.
Something hits you but does no damage. Something hits you!
Something stings you!
* * * LOW HITPOINT WARNING * * *
Fire: S) +3 arbalest
Press: ? - help, Q - select action, (/) - cycle Shift-Dir - straight line You shoot a bolt.
Khenut hits something with a +0 flail.
Something hits you but does no damage. x2
You block something's attack.
Fire: S) +3 arbalest
Press: ? - help, Q - select action, (/) - cycle Shift-Dir - straight line You shoot a bolt.
Khenut hits something with a +0 flail.
Something hits you but does no damage. Something hits you.
* * * LOW HITPOINT WARNING * * *
You feel clumsy. Something stings you.
* * * LOW HITPOINT WARNING * * *
Okay, then.
As you read the scroll of fog, it crumbles to dust.
The scroll dissolves into smoke.
Khenut barely misses something.
You feel you are being watched by something.
You feel your power leaking away. You block something's attack.
Something hits you.
* * * LOW HITPOINT WARNING * * *
Something barely misses you. Something hits you!
* * * LOW HITPOINT WARNING * * *
You feel weakened. Something hits you.
* * * LOW HITPOINT WARNING * * *
You feel dopey. Something barely misses you.
You feel you are being watched by something.
As you read the scroll of teleportation, it crumbles to dust.
You feel strangely unstable. Something hits you.
* * * LOW HITPOINT WARNING * * *
Something closely misses you. Something stings you!
You die...

## ##............#....##......##.
.###..........................###
..............≈................##
####.#.......~≈~......(......####
# ##...≈..≈≈~~...#####.#....# #.
##.≈≈~≈~~..§§## #####..####
##~~~.#.##§#§§§# #...# # #
##~#.......§§§§#### #####..####
###..........§R{@§..###P#.P.[.#.#
..^..........§§§§................
...........#.###§................
.........######....########......
..###....###..#..### ##...... ###
###...........########.......
##..........................
#...........................
###....P..P...................


You could see the friendly Khenut the knight.

Vanquished Creatures
  A stone giant (Orc:2)
  Josephine (Lair:5)
  Fannar (Lair:1)
  A hydra (Lair:3)
  4 two-headed ogres
  A catoblepas (Lair:5)
  8 death yaks
  An orc high priest (Orc:2)
  2 pharaoh ants (Lair:2)
  An orc knight (Orc:2)
  Pikel (D:5)
  2 cyclopes (Orc:2)
  3 orc sorcerers
  3 wolf spiders (Lair:2)
  3 manticores
  4 black mambas
  A torpor snail (Lair:2)
  A rime drake (Lair:3)
  Maggie (D:6)
  10 cane toads
  5 komodo dragons
  4 trolls
  3 polar bears (Lair:2)
  A wind drake (Lair:2)
  2 hornets
  A tarantella (Lair:2)
  19 blink frogs
  7 saltlings (Orc:2)
  Sigmund (D:2)
  11 dream sheep
  6 jumping spiders (Lair:2)
  A centaur simulacrum (D:9)
  3 culicivoras (Lair:2)
  2 shadows
  Eustachio (D:4)
  4 wraiths (Lair:5)
  10 wyverns
  53 yaks
  A basilisk (Lair:3)
  2 steam dragons
  16 redbacks
  2 vampire mosquitoes (D:9)
  3 wargs
  15 water moccasins
  2 ice beasts
  3 black bears
  9 orc warriors
  9 wolves
  2 centaurs
  3 ogres
  A phantom (D:4)
  2 lemures (D:4)
  2 kobold brigands
  7 bullfrogs
  Blork the orc (D:5)
  3 necrophages
  A gnoll sergeant (D:10)
  3 scorpions
  A wight (D:8)
  5 killer bees (D:9)
  An electric eel (Lair:4)
  3 howler monkeys (D:9)
  A centaur zombie (Ossuary)
  A human zombie (Ossuary)
  5 hounds
  A jelly (D:8)
  Crazy Yiuf (D:5)
  2 gnoll boudas
  12 orc priests
  5 iguanas
  17 orc wizards
  A hound skeleton (D:7)
  2 mummies (Ossuary)
  5 adders
  15 gnolls
  A river rat (D:3)
  A white imp (D:7)
  3 adder zombies (Ossuary)
  5 worms
  4 dart slugs
  39 orcs
  6 endoplasms
  2 giant cockroaches (D:1)
  7 goblins
  9 hobgoblins
  4 jackals (Sewer)
  5 quokkas
  4 ball pythons
  6 bats
  13 hobgoblin zombies (Ossuary)
  2 jackal zombies (Ossuary)
  24 kobolds
  11 kobold zombies (Ossuary)
  5 orc zombies (Ossuary)
  12 rats
  A rat zombie (Ossuary)
513 creatures vanquished.

Vanquished Creatures (collateral kills)
  An orc warlord (Orc:1)
  The ghost of Dillybarz the Fighter, a journeyman MiFi of Ru (Lair:5)
  2 catoblepae (Lair:5)
  A hydra (Lair:5)
  A two-headed ogre (Orc:2)
  A pharaoh ant (Lair:2)
  An orc knight (Orc:2)
  3 orc sorcerers
  A black mamba (Lair:3)
  A cane toad (Lair:4)
  A komodo dragon (Lair:4)
  A demonic crawler (Lair:2)
  3 trolls
  2 saltlings (Orc:2)
  2 blink frogs
  4 dream sheep
  A wraith (Lair:5)
  A wyvern (Lair:4)
  A basilisk (Lair:2)
  6 yaks
  5 redbacks (Lair:2)
  2 wargs (Orc:2)
  2 water moccasins
  3 orc warriors
  2 wolves
  An ogre (Orc:1)
  A gnoll sergeant (D:9)
  2 orc priests (Orc:1)
  An orc wizard (Orc:1)
  8 orcs
62 creatures vanquished.

Vanquished Creatures (others)
  10 knights
  14 ancestors
  28 fungi
  3 pillars of salt (Orc:2)
  34 plants
89 creatures vanquished.

Grand Total: 664 creatures vanquished

Notes
Turn   | Place    | Note
-------+----------+-------------------------------------------
     0 | D:1      | groovy9 the Minotaur Hunter began the quest for the Orb.
     0 | D:1      | Reached XP level 1. HP: 18/18 MP: 0/0
    98 | D:1      | Reached XP level 2. HP: 25/25 MP: 1/1
   348 | D:1      | Reached skill level 5 in Ranged Weapons
   351 | D:1      | Reached XP level 3. HP: 31/31 MP: 2/2
   427 | D:1      | Found a faded altar of an unknown god.
  1076 | D:2      | Noticed Sigmund
  1232 | D:2      | Reached XP level 4. HP: 38/38 MP: 3/3
  1394 | D:2      | Killed Sigmund
  1395 | D:2      | Reached skill level 6 in Ranged Weapons
  1395 | D:2      | Reached XP level 5. HP: 46/46 MP: 4/4
  1525 | D:3      | Reached XP level 6. HP: 52/52 MP: 5/5
  1866 | D:3      | Found a glowing drain.
  1873 | Sewer    | Entered a sewer
  1913 | Sewer    | Noticed a water moccasin
  1922 | Sewer    | Killed a water moccasin
  1923 | Sewer    | Reached skill level 7 in Ranged Weapons
  2041 | D:3      | Identified a scroll of acquirement
  2041 | D:3      | Acquired a manual of Transmutations
  2776 | D:4      | Noticed Eustachio
  2803 | D:4      | Killed Eustachio
  2804 | D:4      | Reached skill level 5 in Fighting
  2804 | D:4      | Reached XP level 7. HP: 56/61 MP: 6/6
  2922 | D:4      | Found a stormy altar of Qazlal.
  2924 | D:4      | Found a radiant altar of Vehumet.
  3073 | D:4      | Found a sparkling altar of Nemelex Xobeh.
  3407 | D:4      | Found a shimmering blue altar of Sif Muna.
  3427 | D:4      | Reached skill level 5 in Dodging
  3450 | D:4      | Reached skill level 8 in Ranged Weapons
  3530 | D:5      | Entered Level 5 of the Dungeon
  3667 | D:5      | Noticed Blork the orc
  3681 | D:5      | Killed Blork the orc
  3716 | D:5      | Reached XP level 8. HP: 70/70 MP: 7/7
  3719 | D:5      | Found a staircase to the Ecumenical Temple.
  3758 | D:5      | Noticed Pikel
  3760 | D:5      | Paralysed by Pikel for 3 turns
  3764 | Temple   | Entered the Ecumenical Temple
  4261 | D:5      | Paralysed by Pikel for 2 turns
  4285 | D:5      | Killed Pikel
  4286 | D:5      | Reached skill level 9 in Ranged Weapons
  4639 | D:5      | Found a runed translucent door.
  4640 | D:5      | Noticed Crazy Yiuf
  4651 | D:5      | Killed Crazy Yiuf
  4846 | D:6      | Reached skill level 10 in Ranged Weapons
  4878 | D:6      | Gained mutation: Your spells are a little easier to cast,
                  | but a little less powerful. [potion of mutation]
  4878 | D:6      | Gained mutation: You are dopey. (Int -2) [potion of
                  | mutation]
  4878 | D:6      | Gained mutation: You are partially covered in iridescent
                  | scales. (AC +2) [potion of mutation]
  4878 | D:6      | Gained mutation: You have sharp fingernails. [potion of
                  | mutation]
  4879 | D:6      | Lost mutation: You are partially covered in iridescent
                  | scales. (AC +2) [potion of mutation]
  4879 | D:6      | Lost mutation: Your spells are a little easier to cast, but
                  | a little less powerful. [potion of mutation]
  4879 | D:6      | Gained mutation: You have hidden genetic potential. [potion
                  | of mutation]
  4879 | D:6      | Gained mutation: You are clumsy. (Dex -2) [potion of
                  | mutation]
  4879 | D:6      | Gained mutation: You have very sharp fingernails. [potion
                  | of mutation]
  4880 | D:6      | Lost mutation: You have very sharp fingernails. [potion of
                  | mutation]
  4880 | D:6      | Lost mutation: You are clumsy. (Dex -2) [potion of
                  | mutation]
  4880 | D:6      | Lost mutation: You are dopey. (Int -2) [potion of mutation]
  4880 | D:6      | Gained mutation: You are robust. (+10% HP) [potion of
                  | mutation]
  4951 | D:6      | Found a bloodstained altar of Trog.
  4980 | D:6      | Reached XP level 9. HP: 81/86 MP: 8/8
  5086 | D:6      | Noticed Maggie
  5110 | D:6      | Killed Maggie
  5234 | D:6      | Reached skill level 11 in Ranged Weapons
  5405 | D:6      | Gained mutation: You expend magic power (3 MP) to
                  | strengthen your wands. [hidden potential]
  5861 | D:7      | Found a sand-covered staircase.
  5866 | Ossuary  | Entered an ossuary
  6122 | D:7      | Found a burning altar of Makhleb.
  6323 | D:7      | Found a shadowy altar of Dithmenos.
  6609 | D:8      | Reached skill level 12 in Ranged Weapons
  6750 | D:8      | Noticed a troll
  6874 | D:8      | Reached XP level 10. HP: 100/100 MP: 9/9
  6881 | D:8      | Found a hide-covered altar of Uskayaw.
  6955 | D:8      | Gained mutation: Your mind is acute. (Int +4, Str/Dex -1)
                  | [hidden potential]
  6955 | D:8      | Lost mutation: You have hidden genetic potential. [hidden
                  | potential expressed]
  7015 | D:8      | Found a staircase to the Lair.
  7206 | D:8      | Reached skill level 13 in Ranged Weapons
  7421 | D:8      | Found a hazy altar of Hepliaklqana.
  7455 | D:8      | Became a worshipper of Hepliaklqana the Forgotten
  7992 | D:9      | Reached skill level 10 in Fighting
  8381 | D:9      | Noticed a two-headed ogre
  8427 | Lair:1   | Entered Level 1 of the Lair of Beasts
  8468 | Lair:1   | Reached XP level 11. HP: 111/111 MP: 10/10
  8532 | D:8      | Reached skill level 14 in Ranged Weapons
  8808 | Lair:1   | Noticed Fannar
  8888 | Lair:1   | Killed Fannar
  8889 | Lair:1   | Reached skill level 10 in Dodging
  9098 | Lair:1   | Reached * piety under Hepliaklqana
  9657 | Lair:2   | Reached skill level 15 in Ranged Weapons
  9843 | Lair:2   | Identified the ring "Pipiqa" {rN+ Will+ Str+5}
 10094 | Lair:2   | Reached XP level 12. HP: 112/112 MP: 11/11
 10380 | Lair:2   | Reached skill level 16 in Ranged Weapons
 10504 | Lair:2   | Found a hole to the Spider Nest.
 10892 | Lair:3   | Noticed a five-headed hydra
 11014 | Lair:3   | Reached ** piety under Hepliaklqana
 11423 | Lair:3   | Found a staircase to the Shoals.
 11785 | Lair:3   | Identified the +0 robe of Parts Unknown {rC+}
 11906 | Lair:3   | Killed a five-headed hydra
 12173 | D:8      | Killed a two-headed ogre
 12174 | D:8      | Reached skill level 17 in Ranged Weapons
 12190 | D:9      | Found a staircase to the Orcish Mines.
 12573 | D:10     | Entered Level 10 of the Dungeon
 13384 | Lair:4   | Found a basalt altar of Yredelemnul.
 13398 | Lair:4   | Reached XP level 13. HP: 122/122 MP: 12/12
 13493 | Lair:4   | Reached *** piety under Hepliaklqana
 14260 | Orc:1    | Entered Level 1 of the Orcish Mines
 14260 | Orc:1    | Found Veger's Antique Weapon Shop.
 14261 | Orc:1    | Remembered your ancestor Khenut as a knight
 14881 | Orc:2    | Entered Level 2 of the Orcish Mines
 14881 | Orc:2    | Found Quwirch's Magic Scroll Shop.
 14886 | Orc:2    | Bought a scroll of enchant armour for 105 gold pieces
 14886 | Orc:2    | Bought a scroll of teleportation for 42 gold pieces
 14886 | Orc:2    | Bought a scroll of teleportation for 42 gold pieces
 14886 | Orc:2    | Bought a scroll of blinking for 105 gold pieces
 15108 | Orc:2    | Reached **** piety under Hepliaklqana
 15144 | Orc:2    | Reached skill level 1 in Invocations
 15396 | Orc:2    | Noticed an orc warlord
 15400 | Orc:2    | Noticed a stone giant
 15479 | Orc:2    | Reached skill level 15 in Fighting
 15557 | Orc:2    | Killed a stone giant
 15578 | Orc:1    | Killed an orc warlord
 15702 | Orc:2    | Found a staircase to the Elven Halls.
 15931 | Orc:2    | Reached skill level 5 in Invocations
 15984 | Orc:2    | Found Wumich's Antique Armour Shop.
 15990 | Orc:2    | Bought a faintly humming robe for 182 gold pieces
 15990 | Orc:2    | Identified the +0 robe of Entitlement {Harm} (You bought it
                  | in a shop on level 2 of the Orcish Mines)
 15990 | Orc:2    | Bought a pair of boots for 144 gold pieces
 16008 | Orc:2    | Found Dyuh's Armour Shoppe.
 16010 | Orc:2    | Found Fues's Jewellery Shoppe.
 16019 | Orc:2    | Bought a +2 leather armour of poison resistance for 160
                  | gold pieces
 16033 | Orc:2    | Found Nelajin's Distillery.
 16070 | Orc:2    | Bought a potion of might for 52 gold pieces
 16070 | Orc:2    | Bought a potion of might for 52 gold pieces
 16260 | Lair:5   | Entered Level 5 of the Lair of Beasts
 16291 | Lair:4   | HP: 3/127 [dream sheep (18)]
 16485 | Lair:5   | Reached XP level 14. HP: 135/135 MP: 17/17
 16540 | Lair:5   | Found a large runed translucent door.
 16541 | Lair:5   | Found a large runed translucent door.
 16544 | Lair:5   | Noticed Dillybarz's ghost (journeyman MiFi)
 16691 | Lair:5   | Found a viscous altar of Jiyva.
 16691 | Lair:5   | Found a staircase to the Slime Pits.
 16786 | Lair:5   | Reached ***** piety under Hepliaklqana
 16815 | Lair:5   | Noticed Josephine
 16822 | Lair:5   | Killed Josephine
 18124 | Lair:5   | Killed Dillybarz's ghost
 18125 | Lair:5   | Reached skill level 1 in Armour
 18267 | Spider:1 | Entered Level 1 of the Spider Nest
 19650 | Lair:2   | Reached skill level 18 in Ranged Weapons
 19650 | Lair:2   | Reached skill level 15 in Dodging
 19806 | Lair:2   | HP: 3/137 [something (6)]
 20187 | Lair:2   | HP: 5/137 [something (5)]
 20187 | Lair:2   | Slain by a ghost moth

Illustrated notes

Levels and vault maps discovered:
D:1:      dpeg_arrival_arbitrary_b, layout_loops_ring,
          shapermc_ecumenical_altar_mp_urbaneastern, minmay_pentomino_p2
D:2:      layout_rooms, serial_glass, glass_columns_a, glass_columns_a,
          uniq_sigmund
D:3:      layout_basic, lightli_sewer_entry_pipes
D:4:      layout_loops_ring, led_sif_book, mainiacjoe_overflow_six_doors_small,
          nicolae_overflow_hidden_temple, uniq_eustachio
D:5:      layout_cave_pools, minmay_temple_entry_offerings,
          uniq_crazy_yiuf_cottage, uniq_blork_the_orc, uniq_pikel
D:6:      layout_loops_ring, trog_book, uniq_maggie
D:7:      layout_rooms, makhleb_blood_cavern_becter,
          nicolae_dithmenos_shadow_blocks, enter_ossuary_5
D:8:      layout_basic, mainiacjoe_overflow_catwalk_spiral,
          minmay_lair_entry_grove
D:9:      layout_roguey, orc_0_dummy, minmay_fractal_squares_diagonal_5
D:10:     layout_long_grid
Temple:   nicolae_temple_bog_church
Lair:1:   layout_loops_ring, uniq_fannar
Lair:2:   layout_small_grid, nicolae_spider_entry_tight_spaces,
          chequers_serial_rivers_small_a, cheibrodos_lair_reptile_den
Lair:3:   layout_gridlike, minmay_shoals_entry_beasts, gauntlet_entry_generic,
          grunt_megastairs_1
Lair:4:   layout_hall_layers, basic_altar, serial_bayou_ford_a
Lair:5:   evilmike_catoblepas_cave, layout_long_grid, dpeg_slime_entry_corner,
          ebering_ghost_disaster_area, grunt_megastairs_2, uniq_josephine
Spider:1: layout_spider_delve, hangedman_spider_tarantella_strand
Orc:1:    layout_caves, serial_shops, nicolae_shop_overgrown_old_shop
Orc:2:    hellmonk_orc_salted, layout_caves, serial_shops, shop

Skill      XL: |  1  2  3  4  5  6  7  8  9 10 11 12 13 14 |
---------------+-------------------------------------------+-----
Fighting       | 3 4 5 6 7 9 10 12 13 15 16 | 16.3
Ranged Weapons | 5 6 7 8 10 12 13 15 17 18 | 18.0
Dodging        | 3 4 5 6 8 9 11 12 14 15 | 15.0
Invocations    | 5 7 |  7.9
Armour         | 4 |  4.4
Stealth        | |  0.7

Action                   |  1- 3 |  4- 6 |  7- 9 | 10-12 | 13-15 || total
-------------------------+-------+-------+-------+-------+-------++-------
Melee: Shortbow          |       |       |     1 |       |       ||     1
       Arbalest          |       |       |       |       |     1 ||     1
       Headbutt          |       |       |       |       |     1 ||     1
 Fire: Shortbow          |   116 |   130 |   502 |   934 |   437 ||  2119
       Arbalest          |       |       |       |       |   315 ||   315
Invok: Recall Ancestor   |       |       |       |       |    10 ||    10
       Ancestor Life: Kn |       |       |       |       |     1 ||     1
  Use: Scroll            |     5 |     4 |     6 |     3 |    16 ||    34
       Potion            |       |     2 |     8 |     5 |     2 ||    17
Armor: Leather armour    |    19 |    32 |    61 |       |    85 ||   197
       Skin              |       |     8 |     6 |       |       ||    14
       Acid dragon scale |       |       |    33 |    16 |       ||    49
       Troll leather arm |       |       |       |    82 |    75 ||   157
Dodge: Dodged            |    37 |    53 |   184 |   275 |   437 ||   986
Block: Other             |       |       |       |    43 |   123 ||   166
       Reflection        |       |       |       |     2 |     5 ||     7
